 Dungeon Crawl Stone Soup version 0.31.0-11-ge490571c62 (webtiles) character file.

Game seed: 13857197745206961887

46 qw the Shooter (level 3, -1/18 HPs)
             Began as a Spriggan Hunter on Feb 3, 2024.
             Slain by Terence
             ... wielding a +2 hand axe of freezing
              (4 damage)
             ... on level 2 of the Dungeon.
             The game lasted 00:00:03 (881 turns).

qw the Shooter (Spriggan Hunter)                     Turns: 881, Time: 00:00:03

Health: -1/18      AC:  2    Str:  7    XL:     3   Next: 44%
Magic:  4/4        EV: 19    Int: 10    God:
Gold:   136        SH:  0    Dex: 20    Spells: 2/2 levels left

rFire   . . .        a - +0 shortbow
rCold   . . .        (shield currently unavailable)
rNeg    . . .        c - +0 robe
rPois   .            (helmet restricted)
rElec   .            (no cloak)
rCorr   .            (gloves unavailable)
SInv    +            (boots unavailable)
Will    .....        l - amulet of regeneration
Stlth   ++           (no ring)
HPRegen 1.03/turn    (no ring)
MPRegen 0.09/turn

%: no passive effects
@: very quick
A: very small, no large weapons, unfitting armour, see invisible, speed 3
a: no special abilities


You were on level 2 of the Dungeon.
You visited 1 branch of the dungeon, and saw 2 of its levels.

You collected 136 gold pieces.


Innate Abilities, Weirdness & Mutations

You are very small and have problems with some larger weapons.
You are too small for most types of armour.
You have supernaturally acute eyesight. (SInv)
You cover ground extremely quickly. (Speed+++)


   Skills:
 - Level 1.5 Fighting
 + Level 4.7 Ranged Weapons
 - Level 4.0 Dodging
 - Level 1.5 Stealth


You had 2 spell levels left.
You didn't know any spells.
Your spell library was empty.

Inventory:

Hand Weapons
 a - a +0 shortbow (weapon)
Armour
 c - a +0 robe (worn)
Jewellery
 l - an amulet of regeneration (around neck)
Scrolls
 e - a scroll of teleportation
Potions
 f - a potion of haste {unknown}
 h - a potion of enlightenment {unknown}

Dungeon Overview and Level Annotations

Branches:
Dungeon (2/15)

Altars:
The Shining One

Annotations:
D:1 2 transporters
D:2 Terence


Message History

The arrow hits the hobgoblin.
The hobgoblin is almost dead.
Terence barely misses you.
The frilled lizard unfolds its giant frill.
The frilled lizard bites you but does no damage.
You shoot an arrow. The arrow barely misses Terence.
The arrow hits the hobgoblin!
You kill the hobgoblin!
The frilled lizard misses you.
Terence hits you with a +2 hand axe of freezing!
Terence freezes you.
You shoot an arrow. The arrow closely misses Terence.
The frilled lizard misses you. Terence closely misses you.
You shoot an arrow. The arrow closely misses Terence.
The frilled lizard barely misses you.
Terence hits you with a +2 hand axe of freezing.
Terence freezes you.
You shoot an arrow.
The arrow hits Terence but does no damage.
Terence is severely wounded.
The frilled lizard barely misses you. Terence closely misses you.
You shoot an arrow.
The arrow hits Terence but does no damage.
Terence is severely wounded.
Terence closely misses you. The frilled lizard barely misses you.
You shoot an arrow.
The arrow hits Terence but does no damage.
Terence is severely wounded.
Terence completely misses you.
The frilled lizard completely misses you.
Terence barely misses you.
The frilled lizard completely misses you.
You shoot an arrow.
The arrow hits Terence but does no damage.
Terence is severely wounded.
The frilled lizard misses you.
Terence hits you with a +2 hand axe of freezing!
Terence freezes you.
You die...
Terence says, "Time to find some more victims."

##.. #...... #...#
##.##... ..
##.#.#######.)#... ...
.................. ....
##.#........#.######.#..
#.#..........#.........
##.#..........#.##......
...#.............l......
##%%.........##.@@%..##
##.#.........#..?#..##
#......<...........##
..............#.#.##
..................#
..#.....).....#.###
..##............#
...#..........##
...#...?.


You could see Terence and a frilled lizard.

Vanquished Creatures
  2 adders (D:2)
  A dart slug (D:1)
  2 ball pythons
  2 endoplasms (D:2)
  2 giant cockroaches (D:2)
  A goblin (D:1)
  2 hobgoblins
  3 jackals (D:2)
  A quokka (D:2)
  A bat (D:1)
  4 kobolds (D:1)
  4 rats
25 creatures vanquished.

Notes
Turn   | Place    | Note
-------+----------+-------------------------------------------
     0 | D:1      | qw the Spriggan Hunter began the quest for the Orb.
     0 | D:1      | Reached XP level 1. HP: 10/10 MP: 2/2
     0 | D:1      | 0 ||| qw: Version: 0.3-a-157-g843a77d
     0 | D:1      | 0 ||| qw: Game counter: 4040
     0 | D:1      | 0 ||| qw: Melee chars always use a shield: true
     0 | D:1      | 0 ||| qw: God list: Okawaru
     0 | D:1      | 0 ||| qw: Allow faded altars: false
     0 | D:1      | 0 ||| qw: Do Orc after clearing Dungeon:15 true
     0 | D:1      | 0 ||| qw: Do second Lair branch before Depths: true
     0 | D:1      | 0 ||| qw: Lair rune preference: random
     0 | D:1      | 0 ||| qw: Goals: Normal
     0 | D:1      | 0 ||| PLANNING D:1-11
    24 | D:1      | Reached skill level 3 in Dodging
   203 | D:1      | 203 ||| READING 2 scrolls labelled HOTTIDW MUJENE.
   227 | D:1      | Reached XP level 2. HP: 14/14 MP: 3/3
   596 | D:1      | 596 ||| UPGRADING to amulet of regeneration.
   601 | D:1      | 601 ||| READING 2 scrolls labelled LILONORGHEOSE.
   604 | D:1      | 604 ||| READING scroll labelled QOUTYRE DIFATS.
   605 | D:1      | 605 ||| READING scroll labelled ROQIEHE YLIK ASS.
   606 | D:1      | 606 ||| READING 2 scrolls labelled JUROFE CITIGH.
   607 | D:1      | 607 ||| READING scroll labelled WYITOE DETRIOJUA.
   613 | D:1      | 613 ||| DROPPING scroll of butterflies.
   614 | D:1      | 614 ||| DROPPING scroll of noise.
   615 | D:1      | 615 ||| DROPPING scroll of fear.
   777 | D:2      | Found a glowing golden altar of the Shining One.
   787 | D:2      | Reached XP level 3. HP: 18/18 MP: 4/4
   865 | D:2      | Noticed Terence
   881 | D:2      | HP: 3/18 [Terence/+2 hand axe of freezing (7)]
   881 | D:2      | Slain by Terence

Levels and vault maps discovered:
D:1:      spicycebolla_arrival_transporter_tutorial, layout_basic,
          feat_on_display
D:2:      layout_rooms, basic_altar, kennysheep_generic_room_3, uniq_terence,
          uniq_natasha

Skill      XL: |  1  2 |
---------------+-------+-----
Dodging        | 3 4 |  4.0
Fighting       | |  1.5
Ranged Weapons | |  4.7
Stealth        | |  1.5

Action                     || total
---------------------------++-------
   Fire: Shortbow          ||    91
    Use: Scroll            ||     6
 Armour: Robe              ||    12
  Dodge: Dodged            ||    69

Table legend:
 A = Non-vault XP
 B = Vault XP
 C = Vault XP percentage of total XP
 D = Non-vault monster count
 E = Vault monster count
 F = Vault count percentage of total count
                 A         B        C        D         E       F
            +---------+---------+-------+---------+---------+-------
      Total |      66 |       0 |   0.0 |      25 |       0 |   0.0
            +---------+---------+-------+---------+---------+-------
        D:1 |      19 |       0 |   0.0 |      11 |       0 |   0.0
        D:2 |      47 |       0 |   0.0 |      14 |       0 |   0.0
            +---------+---------+-------+---------+---------+-------
